AoeStats
← owengold23

Arabia

508586099Analyzed
1v1 RM · 10d ago on Sep 23, 2026· 64m 24s· 2 players
Game mode
Random Map
Map size
Tiny (2 player)
Population
200
Speed
Normal
Resources
Standard
Victory
Conquest
Starting age
Dark Age
Ending age
Imperial Age
RankedLock teamsTeams togetherTeam positionsShared explorationLock speedFull tech treeHidden civsTurbo modeCheats
Victory
Defeat
🇦🇺 Tatars · Australia
1678
+18
🇦🇷 Saxons · Argentina
1715
-18
owengold23
6:10 Loom
9:11 Feudal Age
9:45 Double-Bit Axe
13:15 Fletching
17:19 Padded Archer Armor
18:28 Wheelbarrow
21:58 Castle Age
20:40 Gold Mining
20:32 Horse Collar
22:38 Bloodlines
22:48 Bodkin Arrow
23:08 Leather Archer Armor
23:46 Bow Saw
23:34 Elite Skirmisher
25:58 Husbandry
31:48 Hand Cart
31:18 Town Watch
32:19 Scale Barding Armor
33:07 Ballistics
32:57 Masonry
33:56 Chain Barding Armor
38:56 Imperial Age
38:05 Forging
37:18 Light Cavalry
39:47 Iron Casting
39:00 Heavy Cavalry Archer
39:50 Bracer
40:41 Conscription
41:33 Chemistry
42:18 Plate Barding Armor
42:11 Hussar
44:11 Ring Archer Armor
45:27 Stone Mining
50:43 Heavy Plow
56:04 Siege Engineers
55:40 Treadmill Crane
57:34 Murder Holes
60:52 Crop Rotation
Jhoonas
6:45 Loom
6:53 Loom
9:16 Feudal Age
10:25 Double-Bit Axe
13:39 Fletching
15:54 Fletching
20:03 Castle Age
18:48 Horse Collar
21:33 Bow Saw
22:00 Wheelbarrow
21:28 Scale Mail Armor
21:54 Gold Mining
22:10 Squires
22:27 Chain Mail Armor
22:16 Stone Mining
25:50 Gambesons
29:54 Arson
31:42 Forging
36:19 Imperial Age
35:01 Gold Shaft Mining
34:28 Heavy Plow
34:15 Town Watch
36:22 Iron Casting
37:42 Plate Mail Armor
38:13 Hand Cart
39:06 Conscription
41:10 Shield Wall
43:00 Hoardings
42:26 Elite Varangian Guard
44:16 Bodkin Arrow
45:28 Hoardings
46:11 Crop Rotation
47:08 Two-Man Saw
48:24 Guilds
48:34 Bracer
56:26 Elite Hearth Troop
56:32 Pikeman
57:21 Halberdier
Connection lost

Rejoining the realm…

Still unreachable

The connection could not be restored.

Session expired

The server has moved on; the page needs a fresh start.